 Dungeon Crawl Stone Soup version 0.28.0 (webtiles) character file.

Game seed: 10984337957777857324

5 Findor the Gusty (level 1, -1/12 HPs)
             Began as a Kobold Air Elementalist on Feb 13, 2022.
             Slain by a hobgoblin (5 damage)
             ... on level 1 of the Dungeon.
             The game lasted 00:00:35 (351 turns).

Findor the Gusty (Kobold Air Elementalist)           Turns: 351, Time: 00:00:35

Health: -1/12      AC:  2    Str:  5    XL:     1   Next: 88%
Magic:  0/3        EV: 15    Int: 16    God:
Gold:   0          SH:  0    Dex: 15    Spells: 3/4 levels left

rFire   . . .      SeeInvis .   e - +0 spear
rCold   . . .      Faith    .   (no shield)
rNeg    . . .      Spirit   .   a - +0 robe
rPois   .          Reflect  .   (no helmet)
rElec   .          Harm     .   (no cloak)
rCorr   .          Rampage  .   (no gloves)
Will    .....                   (no boots)
Stlth   +++.......              (no amulet)
HPRegen 0.04/turn               (no ring)
MPRegen 0.08/turn               (no ring)

@: no status effects
A: small, no large weapons, nightstalker 3
a: no special abilities


You were on level 1 of the Dungeon.
You visited 1 branch of the dungeon, and saw 1 of its levels.


Innate Abilities, Weirdness & Mutations

You are small and have problems with some larger weapons.
You are completely attuned to the shadows.


   Skills:
 * Level 1.4 Fighting
 - Level 2.4 Dodging
 - Level 2.6 Stealth
 - Level 2.1 Spellcasting
 - Level 1.0 Conjurations
 - Level 3.0 Air Magic


You had 3 spell levels left.
You knew the following spells:

 Your Spells              Type           Power      Damage    Failure   Level
a - Shock                 Conj/Air       32%        1d5       9%          1

Your spell library contained the following spells:

 Spells                   Type           Power      Damage    Failure   Level
 Static Discharge         Conj/Air       8%         N/A       14%         2
 Swiftness                Air            11%        N/A       19%         3
 Airstrike                Air            5%         N/A       52%         4

Inventory:

Hand Weapons
 e - a +0 spear (weapon)
   (You found it on level 1 of the Dungeon)
Armour
 a - a +0 robe (worn)
 f - a +0 scale mail
   (You found it on level 1 of the Dungeon)
Scrolls
 c - a scroll of teleportation {unknown}
 d - a scroll of blinking {unknown}
Potions
 b - a potion of invisibility {unknown}


Message History

A hobgoblin comes into view.
Found 5 gold pieces.
You see here a +0 scale mail.
f - a +0 scale mail The hobgoblin shouts!
The goblin shouts!
You hear an angry hiss.
Really attack while wielding nothing? [Y]es or [N]o only, please.
Really attack while wielding nothing? [Y]es or [N]o only, please.
Really attack while wielding nothing? [Y]es or [N]o only, please.
Really attack while wielding nothing? [Y]es or [N]o only, please.
Really attack while wielding nothing?
Okay, then.
Unknown command.
Unknown command.
Unknown command.
Casting: Shock (safe; 9% risk of failure)
Aiming: Shock (safe; 9% risk of failure)
Press: ? - help, Shift-Dir - straight line, f - goblin
Aim: a goblin, wielding a +0 dagger (60% to hit)
The zap hits the goblin.
Casting: Shock (safe; 9% risk of failure)
Aiming: Shock (safe; 9% risk of failure)
Press: ? - help, Shift-Dir - straight line, f/p - goblin
Aim: a goblin, wielding a +0 dagger (severely wounded, 60% to hit)
The zap hits the goblin.
You kill the goblin!
Really attack while wielding nothing? [Y]es or [N]o only, please.
Really attack while wielding nothing?
Okay, then.
Unknown command.
e - a +0 spear (weapon)
You hit the hobgoblin. The hobgoblin hits you.
You hit the hobgoblin but do no damage. The hobgoblin barely misses you.
Unknown command.
You hit the hobgoblin. The hobgoblin misses you.
The hobgoblin closely misses you.
You hit the hobgoblin. The hobgoblin barely misses you.
You hit the hobgoblin but do no damage. The hobgoblin completely misses you.
Casting: Shock (safe; 9% risk of failure)
Aiming: Shock (safe; 9% risk of failure)
Press: ? - help, Shift-Dir - straight line, f - hobgoblin
Aim: a hobgoblin (almost dead, 68% to hit)
The zap misses the hobgoblin.
The hobgoblin hits you.
* * * LOW HITPOINT WARNING * * *
You closely miss the hobgoblin. The hobgoblin hits you.
You die...

#############.#...#
....'.........#...#
################..#
#.(## .#######..#
.........#
#.#.###.#
#.###.......#
...........@#
.#####..###g#####
##..#.)....##
##.........##
#..........#
#.......(..#
#..........#
#..........#
.........#


You could see a hobgoblin.

Vanquished Creatures
  An endoplasm (D:1)
  2 goblins (D:1)
  A frilled lizard (D:1)
  A rat (D:1)
5 creatures vanquished.

Notes
Turn   | Place    | Note
-------+----------+-------------------------------------------
     0 | D:1      | Findor the Kobold Air Elementalist began the quest for the
                  | Orb.
     0 | D:1      | Reached XP level 1. HP: 10/10 MP: 3/3
   326 | D:1      | Reached skill level 1 in Fighting
   351 | D:1      | Slain by a hobgoblin

Levels and vault maps discovered:
D:1:      minmay_arrival_widening_spiral_narrow, layout_rooms, minmay_ruptured

Action                   || total
-------------------------++-------
Melee: Spear             ||     6
 Cast: Shock             ||    10
Dodge: Dodged            ||     5
